Map: Canyon of Tribulation

Players

CODIGOVISSER

  • Race: Terran Terran
  • Spawn Location: 12:00

APBRAXAS

  • Race: Terran Terran
  • Spawn Location: 12:00

Drchepper

  • Race: Protoss Protoss
  • Spawn Location: 3:00

MattBarry - Winner!

  • Race: Terran Terran
  • Spawn Location: 6:00

Alebay - Winner!

  • Race: Protoss Protoss
  • Spawn Location: 6:00

MattBarry - Winner!

  • Race: Zerg Zerg
  • Spawn Location: 7:00

VOD

Have the link to the VOD?

Description

Time

  • Played on: Dec. 25, 2022, 10:53 p.m.
  • Length: 11:54
Show
View Real Time Build Order
Export as new Build Order

CODIGOVISSER Terran 

Build Orders:  

Get SALT Encoding   

  12  1:18  Supply Depot  
  12  1:41  Supply Depot  
  12  1:57  Barracks  
  12  2:07  SCV  
  13  2:16  Refinery  
  13  2:19  SCV  
  14  2:31  SCV  
  15  2:41  Refinery  
  15  2:43  SCV  
  16  2:45  Barracks  
  16  2:55  SCV  
  16  2:56  Marine  
  18  3:14  Marine  
  19  3:32  Marine  
  21  3:55  Barracks Tech Lab  
  20  4:04  Barracks Reactor  
  20  4:26  SCV  
  21  4:38  SCV  
  21  4:45  Reaper x3  
  25  4:50  SCV  
  26  5:03  SCV  
  26  5:06  Supply Depot  
  27  5:15  SCV  
  27  5:17  Reaper x3  
  31  5:32  Stimpack  
  31  5:42  Supply Depot  
  31  5:47  SCV  
  31  5:48  Factory  
  31  5:49  Reaper x3  
  35  5:59  SCV  
  37  6:11  SCV  
  37  6:12  Supply Depot  
  37  6:21  Marine x2, Reaper  
  40  6:32  SCV  
  41  6:38  Supply Depot  
  41  6:39  Marine  
  42  6:44  SCV  
  43  6:56  SCV  
  44  7:08  SCV  
  45  7:12  Combat Shield  
  45  7:20  SCV  
  37  8:06  Factory Tech Lab  
  37  8:10  Marine x3  
  40  8:27  Marine  
  40  8:28  Marine x2, Siege Tank  
  46  8:45  Marine  
  46  8:46  Marine x2  
  31  9:00  Siege Tank  
  34  9:03  Marine x2  
  34  9:04  Marine  
  37  9:21  Marine  
  37  9:22  SCV  
  39  9:34  SCV  
  38  9:46  SCV  
  33  9:58  SCV  
  24  10:10  SCV  
  5  10:25  Marine x3  
  3  10:42  Marine  
  3  10:43  Marine x2  
  3  11:00  Marine x2  
  2  11:18  Marine x2  
Show
View Real Time Build Order
Export as new Build Order

APBRAXAS Terran 

Build Orders:  

Get SALT Encoding   

  12  1:32  Supply Depot  
  12  1:54  Supply Depot  
  12  2:35  Barracks  
  12  2:47  Supply Depot  
  12  3:29  Barracks  
  12  4:19  Engineering Bay  
  12  4:27  Refinery  
  12  4:53  Refinery  
  12  5:38  Ghost Academy  
  12  6:04  Missile Turret  
  12  6:25  Bunker  
  12  6:45  Marine  
  13  7:01  Reaper  
  14  7:03  Marine  
  15  7:21  Marine  
  16  7:33  Reaper  
  17  7:39  Marine  
  18  7:57  Marine  
  16  8:05  Reaper  
  17  8:31  Bunker  
  12  8:37  Reaper  
  9  9:09  Reaper  
    9:57  Barracks Tech Lab  
  1  10:01  Barracks Tech Lab  
Show
View Real Time Build Order
Export as new Build Order

Drchepper Protoss 

Build Orders:  

Get SALT Encoding   

  12  0:35  Pylon  
  12  1:03  Forge  
  12  1:47  Photon Cannon  
  12  1:56  Photon Cannon  
  12  2:12  Photon Cannon  
  12  2:27  Photon Cannon  
  12  2:35  Photon Cannon  
  12  3:28  Pylon  
  12  3:29  Probe  
  13  3:41  Probe  
  13  3:47  Photon Cannon  
  14  4:23  Photon Cannon  
  14  4:43  Photon Cannon  
  14  5:13  Photon Cannon  
  14  5:26  Assimilator  
  14  5:35  Photon Cannon  
  14  6:02  Probe  
  15  6:14  Probe  
  16  6:26  Probe  
  17  6:38  Probe  
  18  6:50  Probe  
  18  6:53  Gateway  
  19  7:18  Photon Cannon  
  19  7:42  Zealot  
  21  8:09  Photon Cannon  
  11  9:20  Zealot  
  13  9:45  Pylon  
  13  9:47  Zealot  
  15  10:13  Photon Cannon  
  15  10:15  Zealot  
  15  10:17  Photon Cannon  
Show
View Real Time Build Order
Export as new Build Order

MattBarry Terran - Winner!

Build Orders: 2 Factory 

Get SALT Encoding   

  12  0:00  SCV  
  13  0:12  SCV  
  14  0:18  Supply Depot  
  14  0:25  SCV  
  15  0:39  SCV  
  15  0:40  Barracks  
  16  0:46  Refinery  
  16  0:52  SCV  
  17  1:04  SCV  
  18  1:16  SCV  
  19  1:27  Marine  
  19  1:29  Orbital Command  
  19  1:30  Supply Depot  
  20  1:45  Marine  
  21  1:56  SCV  
  21  2:01  Factory  
  22  2:05  Barracks Reactor  
  22  2:18  SCV, Command Center  
  23  2:28  Supply Depot  
  23  2:30  SCV  
  24  2:40  Refinery  
  24  2:42  SCV  
  25  2:52  Barracks Tech Lab  
  25  2:53  Widow Mine x2  
  25  2:56  SCV  
  30  3:08  SCV  
  30  3:11  Factory  
  31  3:17  Hellion x2  
  35  3:21  Supply Depot, SCV  
  36  3:31  Engineering Bay  
  36  3:33  SCV  
  37  3:37  Orbital Command  
  37  3:51  Hellion x2  
  41  3:57  SCV  
  42  4:12  SCV  
  42  4:13  SCV  
  44  4:19  Supply Depot  
  44  4:22  Hellion x2  
  48  4:24  SCV  
  48  4:25  SCV  
  50  4:39  SCV x2  
  50  4:44  Supply Depot  
  50  4:45  Supply Depot  
  52  4:47  Siege Tank, Hellion x2  
  52  4:51  SCV x2  
  61  5:05  Infernal Pre-Igniter  
  61  5:11  SCV x2  
  63  5:23  Starport, SCV x2  
  65  5:28  Refinery  
  65  5:30  Refinery  
  65  5:32  Command Center  
  65  5:35  SCV x2  
  67  5:49  SCV x2  
  69  5:52  Widow Mine x2  
  69  5:53  Siege Tank  
  76  6:00  Starport Reactor, Starport  
  76  6:01  Starport, SCV x2  
  78  6:08  Armory  
  78  6:11  Armory  
  78  6:15  SCV x2  
  80  6:27  SCV  
  80  6:28  SCV  
  82  6:38  Viking x2  
  86  6:44  Viking x2, SCV x2  
  92  6:49  Supply Depot  
  92  6:52  Supply Depot  
  92  6:56  SCV x2  
  94  7:14  Starport Reactor  
  94  7:15  Starport Reactor  
  94  7:18  Terran Ship Weapons Level 1, Terran Vehicle And Ship Armor Level 1  
  85  7:45  Viking  
  85  7:46  Viking  
  89  8:00  Orbital Command  
  89  8:02  SCV  
  89  8:03  SCV  
  91  8:14  SCV  
  91  8:15  SCV  
  91  8:27  SCV  
  92  8:40  Siege Tank, Hellion x2  
  95  9:09  Liberator x3  
  88  9:10  Liberator x3  
  103  9:19  SCV x3  
  106  9:27  Command Center  
  106  9:29  Supply Depot  
  106  9:30  Supply Depot  
  106  9:31  SCV x2  
  106  9:32  Supply Depot, Terran Vehicle Weapons Level 1, SCV  
  106  9:33  Terran Vehicle And Ship Armor Level 2  
  106  9:36  Hellion  
  106  9:37  Hellion x2  
  115  9:42  Refinery  
  115  9:43  SCV, Refinery  
  115  9:44  SCV  
  117  9:58  Hellion  
  119  10:05  Viking x5  
  119  10:06  Viking  
  131  10:22  Siege Tank, Hellion x2  
  138  10:38  Liberator x2  
  144  10:45  Orbital Command  
  144  10:49  SCV x3  
  147  11:01  SCV x3  
  150  11:20  SCV x3, Refinery  
  150  11:21  SCV, Refinery  
  172  11:40  SCV x3  
Show
View Real Time Build Order
Export as new Build Order

Alebay Protoss - Winner!

Build Orders:  

Get SALT Encoding   

  12  0:02  Probe  
  13  0:14  Probe  
  14  0:23  Pylon  
  14  0:26  Probe  
  15  0:41  Probe  
  16  0:44  Assimilator  
  16  0:53  Probe  
  17  1:01  Pylon  
  17  1:05  Probe  
  18  1:18  Probe  
  19  1:19  Assimilator  
  19  1:30  Probe  
  20  1:33  Gateway  
  20  1:41  Forge  
  20  1:42  Probe  
  21  1:54  Probe  
  22  2:06  Probe  
  23  2:10  Nexus  
  23  2:19  Nexus  
  23  2:22  Pylon  
  23  2:27  Pylon  
  23  2:39  Pylon  
  23  2:41  Probe  
  24  2:53  Probe  
  25  3:17  Gateway, Probe  
  25  3:19  Gateway  
  26  3:29  Probe  
  26  3:34  Probe  
  28  3:41  Probe  
  28  3:46  Probe  
  30  3:53  Probe  
  31  3:58  Probe  
  32  4:05  Probe  
  33  4:10  Probe  
  33  4:15  Cybernetics Core  
  34  4:17  Probe  
  34  4:22  Protoss Ground Weapons Level 1, Probe  
  36  4:30  Probe  
  37  4:44  Assimilator  
  37  4:47  Assimilator  
  37  4:53  Warp Gate  
  37  5:05  Twilight Council  
  37  5:09  Photon Cannon  
  37  5:14  Photon Cannon  
  37  5:19  Probe  
  38  5:22  Probe  
  38  5:27  Stalker x3  
  45  5:32  Probe  
  45  5:34  Probe  
  47  5:44  Probe  
  47  5:46  Probe  
  49  5:51  Pylon  
  49  5:55  Pylon  
  49  5:57  Stalker x3  
  51  5:59  Pylon  
  51  6:02  Pylon  
  55  6:21  Gateway  
  55  6:25  Gateway  
  55  6:27  Stalker x3  
  55  6:30  Protoss Ground Armor Level 1  
  61  6:52  Blink  
  61  6:54  Probe  
  61  6:56  Stalker, Probe  
  61  6:57  Stalker  
  67  7:31  Pylon  
  67  7:51  Stalker x5  
  77  8:30  Protoss Air Weapons Level 1  
  77  8:35  Stargate  
  77  8:37  Stargate  
  77  8:38  Stargate  
  77  8:41  Protoss Ground Weapons Level 2  
  77  8:45  Stalker x4  
  77  8:46  Stalker  
Show
View Real Time Build Order
Export as new Build Order

MattBarry Zerg - Winner!

Build Orders: Pool First 

Get SALT Encoding   

  12  0:00  Drone  
  13  0:10  Drone  
  14  0:19  Extractor  
  14  0:20  Overlord  
  14  0:40  Extractor, Drone  
  14  0:45  Spawning Pool  
  13  0:50  Drone x2  
  15  0:58  Drone  
  16  1:10  Drone  
  17  1:12  Drone  
  18  1:26  Drone  
  19  1:38  Drone  
  20  1:42  Queen  
  22  1:54  Hatchery, Drone  
  22  2:00  Overlord  
  22  2:06  Evolution Chamber  
  21  2:14  Evolution Chamber  
  20  2:27  Metabolic Boost  
  20  2:31  Zerg Melee Weapons Level 1  
  20  2:35  Drone  
  21  3:04  Zergling x2  
  21  3:05  Zergling x10  
  27  3:20  Drone  
  28  3:53  Zerg Ground Armor Level 1, Extractor  
  28  3:55  Lair  
  27  4:10  Spore Crawler  
  26  4:23  Hatchery  
  25  4:28  Drone x5  
  25  4:29  Drone x2  
  30  5:00  Zerg Melee Weapons Level 2  
  30  5:16  Zergling x8  
  30  5:17  Zergling x2, Hatchery  
  34  5:24  Overlord  
  34  5:28  Overlord  
  34  5:34  Queen  
  35  5:59  Spire  
  35  6:03  Drone x8  
  42  6:09  Spore Crawler, Queen  
  43  6:31  Drone  
  43  6:32  Drone x7  
  51  6:56  Infestation Pit  
  50  7:02  Nydus Network  
  49  7:11  Queen  
  49  7:14  Overlord  
  51  7:15  Mutalisk, Overlord  
  51  7:16  Mutalisk  
  55  7:24  Mutalisk  
  57  7:46  Queen  
  58  7:57  Queen  
  60  7:58  Queen  
  60  8:02  Mutalisk x2  
  66  8:08  Extractor  
  66  8:09  Extractor  
  65  8:12  Drone  
  65  8:13  Drone x2  
  67  8:27  Overseer  
  65  8:45  Zergling x2  
  65  8:46  Zergling x28  
  65  8:47  Overlord x4  
  74  9:26  Zergling x16  
  74  9:27  Zergling x22  
  90  10:05  Zergling x2  
  90  10:06  Overlord  
  91  10:07  Overlord  
  91  10:08  Zergling x18  
  91  10:09  Zergling x12  
Tags
 
Add a new tag
Caveats
  • Supply blocks, unpowered buildings, or Contaminate may cause inaccurate times.
  • Supply counts are checked every 10 seconds.